 Dungeon Crawl Stone Soup version 0.18-a0-76-g3fe7f8b (webtiles) character file.

1689 Proton the Covered (level 8, -2/78 HPs)
             Began as a Deep Dwarf Fighter on Nov 12, 2015.
             Slain by an orc warrior
             ... wielding a +0 flail
              (13 damage)
             ... on level 6 of the Dungeon.
             The game lasted 00:11:28 (4387 turns).

Proton the Covered (Deep Dwarf Fighter)             Turns: 4387, Time: 00:11:28

Health: -2/78      AC: 13    Str: 22    XL:     8   Next: 72%
Magic:  7/7        EV: 11    Int:  9    God:
Gold:   246        SH:  0    Dex: 12    Spells: 0 memorised, 7 levels left

rFire  . . .     SeeInvis +     a - +0 war axe
rCold  + . .     Clarity  .     A - +2 ring mail {rC+}
rNeg   . . .     SustAt   .     (no shield)
rPois  .         Gourm    .     i - +2 hat
rElec  .         Spirit   .     o - +0 cloak
rCorr  .         Warding  .     (no gloves)
rMut   .         Stasis   +     B - +0 pair of boots
MR     +....                    v - amulet of stasis
Stlth  +.........               z - +2 ring of slaying
                                m - ring of see invisible

@: non-regenerating, somewhat resistant to hostile enchantments, very unstealthy
A: damage resistance, recharge devices, sense surroundings 1, slow regeneration
3
a: Device Recharging


You were on level 6 of the Dungeon.
You were not hungry.

You visited 1 branch of the dungeon, and saw 6 of its levels.

You collected 246 gold pieces.

Inventory:

Hand Weapons
 a - a +0 war axe (weapon)
Armour
 i - a +2 hat (worn)
 o - a +0 cloak (worn)
 A - a +2 ring mail of cold resistance (worn)
 B - a +0 pair of boots (worn)
Jewellery
 m - a ring of see invisible (left hand)
 v - an amulet of stasis (around neck)
 z - a +2 ring of slaying (right hand)
Wands
 b - a wand of frost (34)
 e - a wand of heal wounds (4)
Scrolls
 f - a scroll of teleportation {unknown}
 h - a scroll of fog
 p - a scroll of fear
 q - a scroll of enchant weapon {unknown}
 r - a scroll of amnesia
 w - 5 scrolls of remove curse
 y - 2 scrolls of enchant armour {unknown}
Potions
 d - 2 potions of might
 g - 3 potions of curing
 j - a potion of flight
 k - 2 potions of cure mutation
 l - 2 potions of lignification
 n - a potion of heal wounds
 s - a potion of agility
 u - a potion of invisibility
 x - a potion of ambrosia
Comestibles
 c - 4 fruits
 t - 2 bread rations


   Skills:
 + Level 6.3 Fighting
 + Level 7.4 Axes
 + Level 7.7 Armour
 + Level 1.5 Dodging
   Level 3.2 Shields


You had 7 spell levels left.
You didn't know any spells.

Dungeon Overview and Level Annotations

Branches:
Dungeon (6/15)
 Temple: D:4-7

Altars:
Ashenzari
Cheibriados
Elyvilon
Qazlal
Zin

Shops:
D:4 }   D:5 *


Innate Abilities, Weirdness & Mutations

You are resistant to damage.
You can recharge devices by infusing magical energy.
You passively map a small area around you.
You do not regenerate naturally.


Message History

The orc warrior is moderately wounded.
The orc warrior hits you with a flail!
You slash the orc warrior!
The orc warrior is severely wounded.
The orc warrior barely misses you.
You hit the orc warrior but do no damage.
The orc warrior is severely wounded.
You hit the orc warrior but do no damage.
The orc warrior is severely wounded.
The orc warrior hits you with a flail!
* * * LOW HITPOINT WARNING * * *
The orc wizard casts a cantrip, but nothing happens.
Evoke which item? (* to show all) (? for menu, Esc to quit)
Okay, then.
Read which item? (? for menu, Esc to quit)
Okay, then.
Charge which item? (? for menu, Esc to quit)
Your wand of heal wounds (0) glows for a moment and now has 4 charges.
The orc warrior hits you with a flail!
You die...

#################
*
....ooo@........#
###############.#
#.########
#.........
##........ **
##........ , ,
#....##### ,
###.#.†# ,
#......#


You could see an orc warrior, an orc wizard and an orc.

Vanquished Creatures
  The ghost of Oper80 the Magician, an amateur DsWz of Sif Muna (D:4)
  Sigmund (D:5)
  Eustachio (D:5)
  Menkaure (D:5)
  A sky beast (D:5)
  An ogre (D:5)
  2 scorpions
  A crimson imp (D:6)
  An orc priest (D:4)
  A jelly (D:5)
  6 orc wizards
  A giant frog skeleton (D:5)
  2 centaur skeletons (D:5)
  Jessica (D:2)
  Natasha (thrice) (D:2)
  3 iguanas (D:5)
  6 worker ants
  A hound skeleton (D:5)
  10 adders
  3 gnolls (D:4)
  A worm (D:3)
  A giant gecko (D:1)
  14 orcs
  6 giant cockroaches
  7 hobgoblins
  6 kobolds
  A quokka (D:4)
  7 bats
  2 giant gecko skeletons (D:4)
  A giant newt (D:1)
  3 goblins
  8 jackals
  A jackal skeleton (D:4)
  A quokka zombie (D:5)
  4 rats
110 creatures vanquished.

Notes
Turn   | Place    | Note
--------------------------------------------------------------
     0 | D:1      | Proton the Deep Dwarf Fighter began the quest for the Orb.
     0 | D:1      | Reached XP level 1. HP: 20/20 MP: 1/1
   451 | D:1      | Reached XP level 2. HP: 22/27 MP: 2/2
  1367 | D:2      | Noticed Natasha
  1377 | D:2      | Reached XP level 3. HP: 21/34 MP: 3/3
  1387 | D:2      | Killed Natasha
  1387 | D:2      | Reached skill level 4 in Armour
  1452 | D:2      | Noticed Natasha
  1459 | D:2      | Killed Natasha
  1502 | D:2      | Found a white marble altar of Elyvilon.
  1691 | D:2      | Noticed Jessica
  1698 | D:2      | Killed Jessica
  1698 | D:2      | Reached XP level 4. HP: 21/42 MP: 4/4
  1705 | D:2      | Found a shattered altar of Ashenzari.
  1746 | D:2      | Noticed Natasha
  1748 | D:2      | Killed Natasha
  2325 | D:3      | Reached XP level 5. HP: 17/49 MP: 5/5
  2785 | D:4      | Reached skill level 5 in Armour
  2823 | D:4      | Noticed Oper80's ghost (amateur DsWz)
  2839 | D:5      | Entered Level 5 of the Dungeon
  2848 | D:5      | Reached XP level 6. HP: 20/57 MP: 6/6
  2873 | D:5      | Found a stormy altar of Qazlal.
  2873 | D:5      | Noticed a fire elemental
  2874 | D:5      | Noticed Eustachio
  2877 | D:5      | Noticed a water elemental
  2877 | D:5      | Noticed an air elemental
  2877 | D:5      | Noticed Sigmund
  2890 | D:5      | Killed Sigmund
  2890 | D:5      | Reached skill level 5 in Axes
  2904 | D:5      | Killed Eustachio
  2904 | D:5      | Reached XP level 7. HP: 41/66 MP: 7/7
  3109 | D:5      | Reached skill level 6 in Armour
  3114 | D:5      | Noticed Menkaure
  3121 | D:5      | Killed Menkaure
  3121 | D:5      | Reached skill level 5 in Fighting
  3194 | D:5      | Found a glowing silver altar of Zin.
  3195 | D:5      | Found Zin's Purification Station.
  3313 | D:5      | Reached XP level 8. HP: 16/75 MP: 8/8
  3511 | D:5      | Reached skill level 7 in Armour
  3566 | D:5      | Found a snail-covered altar of Cheibriados.
  3804 | D:4      | Killed Oper80's ghost
  3856 | D:4      | Found Jutyrel's Gadget Emporium.
  4310 | D:6      | Reached skill level 1 in Dodging
  4387 | D:6      | Slain by an orc warrior

Vault maps used:
D:1:      eino_arrival_cavern_b, serial_co_window_serial, co_window_paths_b,
          co_window_corner_a, co_window_corner_a, co_window_of_opportunity_a,
          co_window_corner_a, co_window_cross_3, co_window_cross_3,
          co_window_broadway_b, co_window_corner_b, co_window_of_opportunity_b,
          co_window_paths_d, co_window_paths_e, glass_columns_a,
          glass_columns_c, glass_columns_c, glass_columns_c
D:2:      old_standard_altar, ashenzari_conservatory_becter, uniq_jessica,
          uniq_natasha
D:3:      first_bread
D:4:      serial_shops, nicolae_shop_statue_plus, kennysheep_big_empty_room,
          fountainhead
D:5:      zin_purify, marbit_many_paths, nicolae_qazlal_style_of_elements,
          uniq_sigmund, uniq_eustachio, uniq_menkaure
D:6:      gammafunk_temple_overflow_elements, gup_sewer_entry_spiral,
          grunt_dithmenos_smoke_and_mirrors

Action                   |  1- 3 |  4- 6 |  7- 9 || total
-------------------------+-------+-------+-------++-------
Melee: War axe           |   107 |   190 |   170 ||   467
 Abil: Device Recharging |       |       |     1 ||     1
Evoke: Wand              |     1 |     2 |     6 ||     9
  Use: Scroll            |     2 |       |    13 ||    15
  Eat: Bread ration      |     1 |     1 |     1 ||     3
